 Dungeon Crawl Stone Soup version 0.31-a0-765-g67fe2935dc (webtiles) character file.

Game seed: 18193573014323323523

735 LeprechaunX the Changeling (level 7, -5/69 HPs)
             Began as an Octopode Shapeshifter on Sept 16, 2023.
             Slain by a lemure (7 damage)
             ... led by Pikel
             ... on level 5 of the Dungeon.
             The game lasted 00:03:18 (3276 turns).

LeprechaunX the Changeling (Octopode Shapeshifter)  Turns: 3276, Time: 00:03:19

Health: -5/69      AC: 23    Str: 16    XL:     7   Next: 74%
Magic:  7/7        EV:  2    Int: 12    God:
Gold:   153        SH:  0    Dex: 11    Spells: 6/6 levels left

rFire   . .          .
                       - Unarmed
rCold   . . .        (no shield)
rNeg    . . .        (helmet currently unavailable)
rPois   +            (no amulet)
rElec   .            (no ring)
rCorr   .            (no ring)
SInv    .            (no ring)
Will    .....        (no ring)
Stlth   +            (no ring)
HPRegen 0.31/turn    (no ring)
MPRegen 0.10/turn    (no ring)
                     (no ring)

%: no passive effects
@: tree-form
A: stationary, stasis, torment immunity, boosted hp, almost no armour,
(amphibious), 8 rings, (camouflage 1), (gelatinous body 1), (nimble swimmer 1),
(tentacles)
a: no special abilities


You were on level 5 of the Dungeon.
You were a tree.
You visited 1 branch of the dungeon, and saw 5 of its levels.

You collected 153 gold pieces.

Inventory:

Hand Weapons
 m - a +0 sling
Missiles
 h - 4 boomerangs
Jewellery
 g - a ring of fire
 y - a ring of flight
Talismans
 b - a beast talisman
 c - a flux talisman
Wands
 q - a wand of roots (11)
Scrolls
 e - a scroll of immolation {unknown}
 f - a scroll of amnesia {unknown}
 l - 2 scrolls of identify {unknown}
 o - a scroll of poison {unknown}
 r - 3 scrolls of teleportation {unknown}
 u - a scroll of brand weapon {unknown}
 w - a scroll of torment {unknown}
 x - a scroll of fog {unknown}
 z - a scroll of revelation {unknown}
Potions
 d - 3 potions of curing {unknown}
 i - a potion of mutation {unknown}
 j - 2 potions of cancellation {unknown}
 k - 2 potions of magic {unknown}
 n - a potion of berserk rage {unknown}
 p - 4 potions of enlightenment {unknown}
 s - a potion of heal wounds {unknown}
 t - a potion of haste {unknown}
 v - a potion of might {unknown}


   Skills:
 + Level 3.6 Fighting
 + Level 4.1 Dodging
 + Level 4.7 Unarmed Combat
 * Level 5.6 Shapeshifting


You had 6 spell levels left.
You didn't know any spells.
Your spell library contained the following spells:

 Spells                   Type           Power      Damage    Failure   Level
 Sting                    Tmut/Pois      0%         1d3       32%         1
 Ensorcelled Hibernation  Hex/Ice        0%         N/A       45%         2
 Passwall                 Tmut/Erth      0%         N/A       45%         2
 Poisonous Vapours        Pois/Air       0%         N/A       45%         2
 Call Canine Familiar     Summ           0%         N/A       69%         3
 Inner Flame              Hex/Fire       0%         N/A       69%         3
 Sigil of Binding         Hex            0%         N/A       69%         3
 Swiftness                Air            0%         N/A       69%         3
 Dimensional Bullseye     Hex/Tloc       0%         N/A       97%         4
 Flame Wave               Conj/Fire      0%         2d4       97%         4
 Leda's Liquefaction      Hex/Erth       0%         N/A       97%         4
 Olgreb's Toxic Radiance  Pois           0%         N/A       97%         4
 Sticky Flame             Conj/Fire      0%         2d3       97%         4


Dungeon Overview and Level Annotations

Branches:
Dungeon (5/15)
 Temple: D:4-7

Altars:

Shops:
D:3 (

Annotations:
D:5 Pikel


Innate Abilities, Weirdness & Mutations

You are a tree.
Your roots penetrate the ground, keeping you stationary.
You cannot be teleported.
You are immune to unholy pain and torment.
Your maximum health is greatly increased.
You cannot wear most types of armour.
((You are amphibious.))
You can wear up to eight rings at the same time.
((Your skin changes colour to match your surroundings (Stealth+).))
((Your rubbery body absorbs attacks. (AC +1, EV +1)))
((You are camouflaged when in or above water. (Stealth+)))
((You have tentacles for arms and can constrict up to eight enemies at once.))


Message History

There is an open door here.
You closely miss Pikel. You grab Pikel. You constrict Pikel.
You tentacle-slap Pikel.
Pikel is lightly wounded.
You constrict Pikel, but do no damage.
Pikel hits you with a +1 whip of flaming!
Pikel burns you. The lemure hits you!
* * * LOW HITPOINT WARNING * * *
A lemure comes into view.
Your transformation has ended.
You turn into a tree.
Your roots penetrate the ground.
You lose your grip on Pikel.
Pikel hits you but does no damage. The lemure hits you but does no damage.
You closely miss Pikel.
Pikel is lightly wounded.
Pikel hits you but does no damage. The lemure hits you.
* * * LOW HITPOINT WARNING * * *
You smack Pikel!
Pikel is severely wounded.
Pikel hits you but does no damage. The lemure hits you.
* * * LOW HITPOINT WARNING * * *
The lemure hits you but does no damage.
You hit Pikel but do no damage.
Pikel is severely wounded.
Pikel barely misses you.
The lemure hits you but does no damage. x2
You closely miss Pikel.
Pikel is severely wounded.
Pikel hits you but does no damage. The lemure hits you.
* * * LOW HITPOINT WARNING * * *
The lemure hits you but does no damage.
You hit Pikel.
Pikel is severely wounded.
Pikel hits you with a +1 whip of flaming.
* * * LOW HITPOINT WARNING * * *
Pikel burns you.
* * * LOW HITPOINT WARNING * * *
The lemure hits you.
* * * LOW HITPOINT WARNING * * *
The lemure hits you!
You die...

... ... #######.#
......... ........#
........#
......55### .#
......55♣.###
#.#.###
.......K#...#
#.#.(.#
##+###+####.#
#.#...+ #.##
#.#...#
#####..###.#...#
+..........+...####
####.......#.......
.....###...........
+..... ####........


You could see Pikel and 4 lemures.

Vanquished Creatures
  Sigmund (D:3)
  Eustachio (D:4)
  Edmund (D:5)
  A howler monkey (D:2)
  A jelly (D:4)
  2 hounds
  Jessica (D:3)
  An iguana (D:4)
  A sleepcap (D:3)
  3 gnolls (D:4)
  2 adders
  A worm (D:3)
  A dart slug (D:1)
  3 orcs (D:3)
  A ball python (D:1)
  4 endoplasms
  11 giant cockroaches
  6 goblins
  4 hobgoblins
  2 jackals (D:3)
  4 kobolds
  3 quokkas
  7 bats
  A frilled lizard (D:1)
  5 rats
68 creatures vanquished.

Notes
Turn   | Place    | Note
-------+----------+-------------------------------------------
     0 | D:1      | LeprechaunX the Octopode Shapeshifter began the quest for
                  | the Orb.
     0 | D:1      | Reached XP level 1. HP: 13/13 MP: 1/1
   120 | D:1      | Reached XP level 2. HP: 18/18 MP: 2/2
   397 | D:1      | Reached XP level 3. HP: 23/23 MP: 3/3
   589 | D:2      | You fall into a shaft and drop 1 floor!
   793 | D:2      | Reached XP level 4. HP: 29/29 MP: 4/4
  1291 | D:3      | Reached skill level 4 in Shapeshifting
  1291 | D:3      | Reached XP level 5. HP: 15/34 MP: 5/5
  1402 | D:3      | Noticed Sigmund
  1413 | D:3      | Killed Sigmund
  1414 | D:3      | Reached XP level 6. HP: 28/41 MP: 6/6
  1551 | D:3      | Found Ihir's Antique Weapon Shop.
  1582 | D:3      | Noticed Jessica
  1588 | D:3      | Killed Jessica
  2086 | D:4      | Noticed Eustachio
  2114 | D:4      | Killed Eustachio
  2115 | D:4      | Reached skill level 5 in Shapeshifting
  2115 | D:4      | Reached XP level 7. HP: 21/46 MP: 7/7
  2935 | D:5      | Entered Level 5 of the Dungeon
  2973 | D:5      | Noticed Edmund
  2981 | D:5      | Killed Edmund
  3264 | D:5      | Noticed Pikel
  3276 | D:5      | HP: 2/69 [lemure[Pikel] (3)]
  3276 | D:5      | Slain by a lemure

Illustrated notes

Levels and vault maps discovered:
D:1:      nzn_arrival_crosshair, layout_loops_cross
D:2:      layout_rooms, grunt_ministairs_6, minmay_tromino_i4
D:3:      layout_basic, serial_shops, nicolae_shop_tiny_waterfront,
          uniq_jessica, uniq_sigmund
D:4:      layout_gridville, serial_forest, infiniplex_forest_straight_2,
          infiniplex_forest_clump_curved, infiniplex_forest_lined_room_,
          infiniplex_forest_end_3, infiniplex_forest_straight_3,
          infiniplex_forest_lined_corner, infiniplex_forest_clump_medium,
          infiniplex_forest_zigzag_1, uniq_eustachio
D:5:      layout_basic, serial_curves, eino_curves_01, eino_curves_02,
          eino_curves_01, uniq_edmund, uniq_ijyb, uniq_pikel

Skill      XL: |  1  2  3  4  5  6  7 |
---------------+----------------------+-----
Fighting       | 2 3 |  3.6
Shapeshifting  | 4 5 |  5.6
Dodging        | 3 4 |  4.1
Unarmed Combat | 4 |  4.7

Action                     |  1- 3 |  4- 6 |  7- 9 || total
---------------------------+-------+-------+-------++-------
  Melee: Unarmed           |    51 |    63 |    41 ||   155
         Constrict         |    12 |    21 |     8 ||    41
         Tentacles         |     7 |     8 |     8 ||    23
         Punch             |     1 |       |     2 ||     3
    Use: Potion            |       |       |     2 ||     2
   Stab: Sleeping          |     4 |     1 |     3 ||     8
 Armour: Skin              |    20 |    30 |    33 ||    83
  Dodge: Dodged            |    29 |    38 |    14 ||    81

Table legend: (Time is in decaauts)
 A = Elapsed time spent in this place.
 B = Non-inter-level travel time spent in this place.
 C = Inter-level travel time spent in this place.
 D = Time resting spent in this place.
 E = Time spent auto-exploring this place.
 F = Levels seen in this place.
 G = Mean time per level.
                   A        B        C        D        E       F      G
               +--------+--------+--------+--------+--------+-----+--------+
         Total |   3264 |   3133 |    131 |    114 |   2570 |   5 |  652.8 |
       Dungeon |   3264 |   3133 |    131 |    114 |   2570 |   5 |  652.8 |
               +--------+--------+--------+--------+--------+-----+--------+

Top non-repeatable levels by time:
     D:4: 1069 daAuts
     D:3: 687 daAuts
     D:2: 585 daAuts
     D:1: 583 daAuts
     D:5: 339 daAuts
